 Dungeon Crawl Stone Soup version 0.31-a0-1236-gaa9e43cceb (webtiles) character file.

Game seed: 14134464859747141879

1166 MacCMillion the Cleaver (level 8, -5/68 HPs)
             Began as a Minotaur Fighter on Dec 15, 2023.
             Was an Initiate of Okawaru.
             Slain by a two-headed ogre
             ... wielding a +0 giant spiked club
              (14 damage)
             ... on level 6 of the Dungeon.
             The game lasted 00:07:35 (5836 turns).

MacCMillion the Cleaver (Minotaur Fighter)          Turns: 5836, Time: 00:07:36

Health: -5/68      AC: 13    Str: 22    XL:     8   Next: 17%
Magic:  7/7        EV:  6    Int:  5    God:    Okawaru [......]
Gold:   271        SH:  9    Dex: 11    Spells: 7/7 levels left

rFire   + . .        a - +0 war axe
rCold   + + .        c - +0 buckler
rNeg    . . .        g - +0 plate armour
rPois   .            (helmet restricted)
rElec   .            l - scarf {rC+ rF+}
rCorr   .            (no gloves)
SInv    .            w - +0 pair of boots
Will    +....        F - amulet of reflection Stlth
                     B - ring of protection from cold
HPRegen 0.31/turn    u - ring of willpower
MPRegen 0.10/turn

%: reflection
@: no status effects
A: horns 2, retaliatory headbutt
a: Renounce Religion


You were on level 6 of the Dungeon.
You worshipped Okawaru.
Okawaru was noncommittal.
You visited 2 branches of the dungeon, and saw 7 of its levels.

You collected 271 gold pieces.

Inventory:

Hand Weapons
 a - a +0 war axe (weapon)
Missiles
 v - 6 poisoned darts (quivered)
 x - 6 boomerangs
Armour
 c - a +0 buckler (worn)
 g - a +0 plate armour (worn)
 l - a scarf of resistance (worn)
 w - a +0 pair of boots (worn)
Jewellery
 b - a ring of flight
 u - a ring of willpower (right hand)
 B - a ring of protection from cold (left hand)
 F - an amulet of reflection (around neck)
 G - a ring of ice
 K - a +6 ring of intelligence
Wands
 A - a wand of mindburst (17)
 H - a wand of iceblast (15)
Scrolls
 h - 2 scrolls of fear
 i - 3 scrolls of blinking {unknown}
 k - a scroll of torment {unknown}
 n - a scroll of acquirement {unknown}
 p - 2 scrolls of silence {unknown}
 r - 2 scrolls of vulnerability {unknown}
 t - 2 scrolls of revelation {unknown}
 y - a scroll of enchant armour {unknown}
 C - a scroll of noise {unknown}
 J - a scroll of teleportation {unknown}
Potions
 d - a potion of might
 e - a potion of enlightenment {unknown}
 f - 4 potions of cancellation
 j - 4 potions of resistance
 m - 2 potions of heal wounds
 o - 2 potions of ambrosia
 q - 5 potions of lignification
 s - a potion of curing {unknown}
 z - a potion of degeneration {unknown}
 D - a potion of attraction {unknown}
 E - a potion of mutation {unknown}
 I - a potion of brilliance {unknown}


   Skills:
 + Level 5.0 Fighting
 + Level 10.5 Axes
 + Level 0.0 Throwing
 + Level 5.0 Armour
 - Level 4.0 Shields
 + Level 0.8 Invocations


You had 7 spell levels left.
You didn't know any spells.
Your spell library contained the following spells:

 Spells                   Type           Power      Damage    Failure   Level
 Ensorcelled Hibernation  Hex/Ice        0%         N/A       100%        2
 Passwall                 Tmut/Erth      0%         N/A       100%        2
 Scorch                   Fire           0%         2d5       100%        2
 Swiftness                Air            0%         N/A       100%        3
 Flame Wave               Conj/Fire      0%         2d4       100%        4
 Summon Cactus Giant      Summ           Unusable   N/A       N/A         6

Dungeon Overview and Level Annotations

Branches:
Dungeon (6/15)             Temple (1/1) D:6

Altars:
Ashenzari
Cheibriados
Dithmenos
Elyvilon
Fedhas
Hepliaklqana
Kikubaaqudgha
Makhleb
Nemelex Xobeh
Okawaru
Ru
Sif Muna
Trog
Uskayaw
Vehumet
Wu Jian
Xom
Yredelemnul
Zin
The Shining One

Annotations:
D:3 1 runed translucent door, paps's ghost, amateur OpSh
D:4 Edmund


Innate Abilities, Weirdness & Mutations

You have a pair of horns on your head.
You reflexively headbutt those who attack you in melee.


Message History

The two-headed ogre shouts in stereo!
A two-headed ogre is nearby!
A two-headed ogre is nearby!
Okay, then.
Okay, then.
You throw a poisoned dart.
The poisoned dart hits the two-headed ogre.
The two-headed ogre is poisoned.
You throw a poisoned dart.
The poisoned dart hits the two-headed ogre.
The two-headed ogre looks even sicker.
The two-headed ogre is lightly wounded.
You throw a poisoned dart.
The poisoned dart barely misses the two-headed ogre.
You throw a poisoned dart.
The poisoned dart hits the two-headed ogre.
The two-headed ogre looks even sicker.
The two-headed ogre is moderately wounded.
You completely miss the two-headed ogre.
You headbutt the two-headed ogre.
The two-headed ogre is moderately wounded.
You block the two-headed ogre's attack.
The two-headed ogre hits you with a +0 giant spiked club!!
You barely miss the two-headed ogre. You headbutt the two-headed ogre.
The two-headed ogre is heavily wounded.
You block the two-headed ogre's attack.
The two-headed ogre hits you with a +0 giant spiked club!
You closely miss the two-headed ogre.
You headbutt the two-headed ogre, but do no damage.
The two-headed ogre is heavily wounded.
You slash the two-headed ogre!
Your headbutt misses the two-headed ogre.
The two-headed ogre is severely wounded.
The two-headed ogre hits you with a +0 giant spiked club!!
* * * LOW HITPOINT WARNING * * *
You block the two-headed ogre's attack.
You slash the two-headed ogre!
The two-headed ogre is almost dead.
The two-headed ogre hits you with a +0 giant spiked club!
You die...

## #.## ### .## ##.##
##### #.### ..#
##.#####...## #..## #####
#.##...###.## ##... #..#
##...### ##.####.## ##.##
##..## #..##..## #..#
#.##### ##....... ..##
..#####.....#####........
.##
#.......@O..............(
.##
##..###.#################
..# #. #..## #.## #...##
...## ##...## ....#
#....# ###....# #....#
#..## #....# ...# #....#


You could see a two-headed ogre (poisoned).

Vanquished Creatures
  Duvessa (D:5)
  A black bear (D:4)
  An ogre (D:5)
  2 centaurs
  A phantom (D:6)
  2 scorpions (D:5)
  Dowan (D:5)
  2 hounds
  2 orc priests (D:5)
  A sleepcap (D:6)
  4 iguanas
  3 orc wizards
  Robin (D:2)
  2 adders
  A white imp (D:6)
  4 ufetubi
  4 worms
  3 dart slugs
  9 orcs
  9 endoplasms
  4 giant cockroaches
  13 goblins
  13 hobgoblins
  3 jackals (D:2)
  3 quokkas
  6 ball pythons
  4 bats
  4 frilled lizards
  4 kobolds
  5 rats
113 creatures vanquished.

Notes
Turn   | Place    | Note
-------+----------+-------------------------------------------
     0 | D:1      | MacCMillion the Minotaur Fighter began the quest for the
                  | Orb.
     0 | D:1      | Reached XP level 1. HP: 19/19 MP: 0/0
   233 | D:1      | Found a faded altar of an unknown god.
   285 | D:1      | Reached skill level 3 in Axes
   285 | D:1      | Reached XP level 2. HP: 26/26 MP: 1/1
   889 | D:2      | Reached skill level 4 in Axes
   889 | D:2      | Reached XP level 3. HP: 31/31 MP: 2/2
   970 | D:2      | Noticed Robin
  1093 | D:2      | Killed Robin
  1286 | D:2      | Reached skill level 5 in Axes
  1386 | D:2      | Reached XP level 4. HP: 39/39 MP: 3/3
  1876 | D:3      | Noticed paps's ghost (amateur OpSh)
  1878 | D:3      | Found a runed translucent door.
  1999 | D:3      | Found a glowing silver altar of Zin.
  1999 | D:3      | Found a hide-covered altar of Uskayaw.
  2016 | D:3      | Found a hazy altar of Hepliaklqana.
  2328 | D:4      | Noticed a black bear
  2343 | D:4      | Killed a black bear
  2344 | D:4      | Reached skill level 6 in Axes
  2344 | D:4      | Reached XP level 5. HP: 33/45 MP: 4/4
  2463 | D:4      | Reached skill level 7 in Axes
  2658 | D:4      | Noticed Edmund
  3018 | D:5      | Entered Level 5 of the Dungeon
  3061 | D:5      | Reached XP level 6. HP: 51/51 MP: 5/5
  3174 | D:5      | Found a blossoming altar of Fedhas.
  3354 | D:5      | Reached skill level 8 in Axes
  3529 | D:5      | Reached skill level 9 in Axes
  3631 | D:5      | Noticed Duvessa
  3670 | D:5      | Killed Duvessa
  3670 | D:5      | Noticed Dowan
  3671 | D:5      | Reached XP level 7. HP: 42/57 MP: 6/6
  3850 | D:5      | Killed Dowan
  3965 | D:5      | Reached skill level 10 in Axes
  4697 | D:5      | Found a blossoming altar of Fedhas.
  5263 | D:6      | Reached XP level 8. HP: 66/67 MP: 7/7
  5282 | D:6      | Found a staircase to the Ecumenical Temple.
  5313 | Temple   | Entered the Ecumenical Temple
  5323 | Temple   | Became a worshipper of Warmaster Okawaru
  5490 | D:6      | Reached skill level 5 in Fighting
  5490 | D:6      | Reached skill level 5 in Armour
  5809 | D:6      | Noticed a two-headed ogre
  5836 | D:6      | Slain by a two-headed ogre

Illustrated notes

Levels and vault maps discovered:
D:1:      psy_arrival_whirlpool, layout_basic, basic_ecumenical_altar
D:2:      layout_basic, uniq_robin
D:3:      layout_basic, nicolae_overflow_hidden_temple,
          hellmonk_ghost_happy_afterlife
D:4:      layout_loops_ring, uniq_edmund
D:5:      layout_basic, fedhas_altar_3, uniq_duvessa
D:6:      layout_layer_cave, minmay_temple_entry_waves,
          kennysheep_generic_room_2
Temple:   regret_index_temple_sphere_string

Skill      XL: |  1  2  3  4  5  6  7  8 |
---------------+-------------------------+-----
Shields        | 4 |  4.0
Axes           | 3 4 5 6 7 9 10 | 10.5
Fighting       | 4 5 |  5.0
Armour         | 4 5 |  5.0
Invocations    | |  0.8

Action                     |  1- 3 |  4- 6 |  7- 9 || total
---------------------------+-------+-------+-------++-------
  Melee: War axe           |    96 |   109 |    94 ||   299
         Headbutt          |    14 |    16 |    14 ||    44
  Throw: Dart              |       |     2 |     4 ||     6
    Use: Scroll            |       |       |     6 ||     6
 Armour: Scale mail        |    16 |       |       ||    16
         Plate armour      |    74 |    98 |    85 ||   257
  Dodge: Dodged            |    26 |    31 |    20 ||    77
  Block: Buckler           |    21 |    23 |    32 ||    76
         Reflection        |       |       |     1 ||     1

Table legend: (Time is in decaauts)
 A = Elapsed time spent in this place.
 B = Non-inter-level travel time spent in this place.
 C = Inter-level travel time spent in this place.
 D = Time resting spent in this place.
 E = Time spent auto-exploring this place.
 F = Levels seen in this place.
 G = Mean time per level.
                   A        B        C        D        E       F      G
               +--------+--------+--------+--------+--------+-----+--------+
         Total |   5897 |   5720 |    177 |    601 |   4109 |   7 |  842.4 |
       Dungeon |   5876 |   5717 |    159 |    601 |   4109 |   6 |  979.3 |
        Temple |     20 |      2 |     18 |      0 |      0 |   1 |   20.0 |
               +--------+--------+--------+--------+--------+-----+--------+

Top non-repeatable levels by time:
     D:5: 1851 daAuts
     D:1: 983 daAuts
     D:4: 924 daAuts
     D:6: 754 daAuts
     D:2: 725 daAuts
     D:3: 637 daAuts
  Temple: 20 daAuts
